 Dungeon Crawl Stone Soup version 0.30.0-5-g1a98f26d00 (webtiles) character file.

Game seed: 15849998376425666456

56 Exaltedone87 the Covered (level 3, -3/33 HPs)
             Began as an Armataur Fighter on May 13, 2023.
             Slain by a gnoll
             ... wielding a +0 whip
              (6 damage)
             ... on level 3 of the Dungeon.
             The game lasted 00:01:06 (1656 turns).

Exaltedone87 the Covered (Armataur Fighter)         Turns: 1656, Time: 00:01:07

Health: -3/33      AC:  7    Str: 23    XL:     3   Next: 69%
Magic:  3/3        EV:  7    Int:  8    God:
Gold:   115        SH:  4    Dex:  9    Spells: 2/2 levels left

rFire   . . .        a - +0 flail
rCold   . . .        c - +0 buckler
rNeg    . . .        b - +0 scale mail
rPois   .            (no helmet)
rElec   .            (no cloak)
rCorr   .            (no gloves)
SInv    .            (no barding)
Will    .....        (no amulet) Stlth
                     (no ring)
HPRegen 0.25/turn    (no ring)
MPRegen 0.08/turn

%: roll
@: no status effects
A: large, rugged brown scales 3, deformed body, armoured tail, roll, long
tongue, awkward tongue
a: no special abilities


You were on level 3 of the Dungeon.
You visited 1 branch of the dungeon, and saw 3 of its levels.

You collected 115 gold pieces.

Inventory:

Hand Weapons
 a - a +0 flail (weapon)
Armour
 b - a +0 scale mail (worn)
 c - a +0 buckler (worn)
Jewellery
 f - an amulet of guardian spirit
Scrolls
 g - a scroll of magic mapping {unknown}
 h - a scroll of amnesia {unknown}
 j - a scroll of teleportation {unknown}
Potions
 d - 2 potions of might
 e - 2 potions of berserk rage {unknown}
 i - a potion of brilliance {unknown}


   Skills:
 + Level 3.0 Fighting
 * Level 2.7 Maces & Flails
 + Level 4.1 Armour
 + Level 0.2 Dodging
 - Level 3.5 Shields


You had 2 spell levels left.
You didn't know any spells.
Your spell library was empty.

Dungeon Overview and Level Annotations

Branches:
Dungeon (3/15)

Altars:

Shops:
D:1 [


Innate Abilities, Weirdness & Mutations

You are completely covered in rugged brown scales. (AC +3, +7% HP)
Armour fits poorly on your strangely shaped body.
You have a long armoured tail.
You roll when moving toward enemies. (Rampage)
Your long tongue fully drains potion bottles. (2x potion effects)
Your tongue gives you trouble enunciating. (1.5x scroll delay)


Message History

The gnoll hits you but does no damage. You block the gnoll's attack.
There are monsters nearby!
You completely miss the gnoll.
The gnoll is severely wounded.
The gnoll closely misses you. The gnoll barely misses you.
There are monsters nearby!
You barely miss the gnoll. You tail-slap the gnoll.
You kill the gnoll!
The gnoll hits you from afar with a +0 spear.
A gnoll comes into view. It is wielding a +0 whip.
Found 14 gold pieces.
The gnoll shouts!
The gnoll hits you with a +0 spear!
Things that are here:
a +0 flail; a gnoll corpse You hit the gnoll.
The gnoll is moderately wounded.
You block the gnoll's attack. The gnoll closely misses you.
Unknown command.
You barely miss the gnoll.
The gnoll is moderately wounded.
The gnoll hits you with a +0 spear.
You sock the gnoll!
Your tail-slap misses the gnoll.
The gnoll is severely wounded.
You block the gnoll's attack.
You barely miss the gnoll.
The gnoll is severely wounded.
You block the gnoll's attack. You block the gnoll's attack.
The gnoll hits you with a +0 whip.
Unknown command.
You barely miss the gnoll.
The gnoll is severely wounded.
The gnoll hits you with a +0 spear.
* * * LOW HITPOINT WARNING * * *
The gnoll hits you with a +0 whip.
* * * LOW HITPOINT WARNING * * *
You sock the gnoll!
You kill the gnoll!
The gnoll hits you with a +0 whip.
You die...

### ### #$.
..##.#
#.#.####
#..)).†#
#.#@##.#
#####
#g##.#......
#.##<.......
#.####.#####
#.# .# #.# #
#.# #..


You could see a gnoll.

Vanquished Creatures
  3 gnolls
  A dart slug (D:3)
  3 ball pythons
  4 bats
  2 endoplasms
  A giant cockroach (D:2)
  6 goblins
  3 hobgoblins (D:1)
  A quokka (D:1)
  3 frilled lizards
  4 kobolds
  4 rats
35 creatures vanquished.

Notes
Turn   | Place    | Note
-------+----------+-------------------------------------------
     0 | D:1      | Exaltedone87 the Armataur Fighter began the quest for the
                  | Orb.
     0 | D:1      | Reached XP level 1. HP: 19/19 MP: 1/1
   156 | D:1      | Reached XP level 2. HP: 18/26 MP: 2/2
   293 | D:1      | Found Jitoqyrr's Antique Armour Shoppe.
   569 | D:1      | Reached skill level 4 in Armour
   569 | D:1      | Reached XP level 3. HP: 32/32 MP: 3/3
  1656 | D:3      | Slain by a gnoll

Illustrated notes

Levels and vault maps discovered:
D:1:      lemuel_arrival_cross, layout_rooms, serial_shops, nicolae_square_shop,
          grunt_decor_cap, minmay_stone_trees_medium, minivault_14,
          hangedman_decor_clover_reticule, chequers_serial_rivers_large_a
D:2:      layout_loops_corners
D:3:      layout_loops_ring, dreamdust_ecumenical_altar_angels_and_demons,
          dreamdust_wishing_well, kennysheep_generic_room_9

Skill      XL: |  1  2  3 |
---------------+----------+-----
Maces & Flails | 2 |  2.7
Armour         | 4 |  4.1
Fighting       | 3 |  3.0
Dodging        | |  0.2
Shields        | |  3.5

Action                     || total
---------------------------++-------
  Melee: Flail             ||   110
         Tailslap          ||     3
 Armour: Scale mail        ||    53
  Dodge: Dodged            ||    46
  Block: Buckler           ||    27
